 Dungeon Crawl Stone Soup version 0.28.0-1-gb440e238dd (webtiles) character file.

Game seed: 5065939666813588127

1761 hikkokomori the Digger (level 9, 0/53 HPs)
             Began as a Gargoyle Earth Elementalist on Feb 21, 2022.
             Was an Initiate of Vehumet.
             Slain by an unseen horror (6 damage)
             ... on level 7 of the Dungeon.
             The game lasted 00:19:18 (9458 turns).

hikkokomori the Digger (GrEE)                       Turns: 9458, Time: 00:19:19

Health: 0/53       AC: 10    Str: 12    XL:     9   Next: 7%
Magic:  15/15      EV: 11    Int: 20    God:    Vehumet [......]
Gold:   274        SH:  0    Dex: 10    Spells: 4/16 levels left

rFire   . . .      SeeInvis .   f - +0 whip (elec)
rCold   . . .      Faith    .   (no shield)
rNeg    + . .      Spirit   .   b - +0 robe
rPois   ∞          Reflect  .   (no helmet)
rElec   +          Harm     .   (no cloak)
rCorr   .          Rampage  .   (no gloves)
Will    .....                   c - +1 pair of boots
Stlth   ++........              (no amulet)
HPRegen 0.17/turn               (no ring)
MPRegen 0.14/turn               (no ring)

@: flying
A: sickness immunity, AC +6, negative energy resistance 1, electricity
resistance, torment resistance 1, petrification resistance
a: Renounce Religion


You were on level 7 of the Dungeon.
You worshipped Vehumet.
Vehumet was noncommittal.
You visited 2 branches of the dungeon, and saw 8 of its levels.

You collected 274 gold pieces.

Inventory:

Hand Weapons
 e - a +0 club
 f - a +0 whip of electrocution (weapon)
 g - a +0 dagger of venom
 i - a +2 mace of protection
Missiles
 a - 2 datura-tipped darts
 m - 82 stones
 u - a throwing net
Armour
 b - a +0 robe (worn)
 c - a +1 pair of boots (worn)
 d - a +0 scale mail
Scrolls
 l - 2 scrolls of enchant armour
 n - 2 scrolls of blinking
 o - 3 scrolls of teleportation
 q - 2 scrolls of immolation {unknown}
 r - 2 scrolls of vulnerability {unknown}
 t - a scroll of enchant weapon {unknown}
 v - a scroll of magic mapping {unknown}
Potions
 h - 3 potions of flight
 j - a potion of haste
 p - a potion of cancellation {unknown}
 s - 3 potions of lignification


   Skills:
 + Level 4.9 Fighting
 + Level 2.8 Maces & Flails
 - Level 3.0 Armour
 - Level 1.5 Dodging
 - Level 4.6 Stealth
 - Level 4.2 Spellcasting
 + Level 4.9 Conjurations
 - Level 0.7 Transmutations
 - Level 7.1 Earth Magic
 + Level 2.4 Poison Magic


You had 4 spell levels left.
You knew the following spells:

 Your Spells              Type           Power      Damage    Failure   Level
a - Sandblast             Erth           66%        2d15      1%          1
b - Passwall              Tmut/Erth      16%        N/A       3%          2
c - Ignite Poison         Fire/Tmut/Pois 8%         N/A       24%         3
d - Stone Arrow           Conj/Erth      56%        3d10      3%          3
e - Mephitic Cloud        Conj/Pois/Air  14%        N/A       14%         3

Your spell library contained the following spells:

 Spells                   Type           Power      Damage    Failure   Level
 Sting                    Tmut/Pois      40%        1d5       7%          1
 Poisonous Vapours        Pois/Air       18%        N/A       12%         2
 Petrify                  Tmut/Erth      20%        N/A       24%         4
 Olgreb's Toxic Radiance  Pois           14%        N/A       41%         4
 Freezing Cloud           Conj/Ice/Air   5%         6-21      87%         5


Dungeon Overview and Level Annotations

Branches:
Dungeon (7/15)             Temple (1/1) D:6

Altars:
Ashenzari
Cheibriados
Dithmenos
Elyvilon
Fedhas
Gozag
Hepliaklqana
Kikubaaqudgha
Makhleb
Nemelex Xobeh
Okawaru
Qazlal
Ru
Sif Muna
Trog
Uskayaw
Vehumet
Wu Jian
Xom
Yredelemnul
Zin
The Shining One

Shops:
D:6 [


Innate Abilities, Weirdness & Mutations

You are immune to sickness and miasma.
Your stone body is resilient. (AC +6)
You are immune to poison.
You resist negative energy. (rN+)
You are resistant to electric shocks. (rElec)
You are resistant to unholy torment.
You are immune to petrification.


Message History

Something hits you but does no damage.
Deactivating autopickup; reactivate with Ctrl-A.
You barely miss something. Something hits you.
Something hits you but does no damage. Something hits you.
You hit something but do no damage. Lightning courses through something!
Something hits you.
You miss something. Something hits you but does no damage.
Something hits you but does no damage.
Casting: Sandblast (safe; 1% risk of failure)
Confirm with . or Enter, or press ? or * to list all spells.
You can't see any susceptible monsters within range! (Use Z to cast anyway.)
Casting: Sandblast (safe; 1% risk of failure)
Confirm with . or Enter, or press ? or * to list all spells.
Aiming: Sandblast (safe; 1% risk of failure)
Press: ? - help, Shift-Dir - straight line The blast of sand hits something but does no damage.
Something hits you. x2
You barely miss something.
Something hits you but does no damage. x2
You closely miss something.
Something hits you but does no damage. x3
You barely miss something. Something hits you but does no damage.
You hit something but do no damage. Something hits you.
Something hits you but does no damage. Something hits you.
You miss something. Something hits you. Something hits you.
Something hits you but does no damage. Something hits you.
You miss something. Something hits you but does no damage. Something hits you.
You hit something.
Something hits you but does no damage. x2
You hit something.
Something hits you but does no damage. x2
You closely miss something.
Something hits you but does no damage. x2
You hit something but do no damage. Something hits you!
* * * LOW HITPOINT WARNING * * *
Something hits you.
* * * LOW HITPOINT WARNING * * *
You feel better.
You miss something. Something hits you but does no damage. Something hits you.
* * * LOW HITPOINT WARNING * * *
It was a potion of flight.
You feel very buoyant.
You fly up into the air.
Something hits you.
You die...

# .# ..
######.##
#..@....#
#.####<####..#
#.........# .#
######.##.# ..
#.# # .. #..
## ###


There were no monsters in sight!

Vanquished Creatures
  Edmund (D:5)
  A black bear (D:4)
  2 orc warriors
  An ice beast (D:6)
  A sky beast (D:5)
  A necrophage (D:6)
  An ogre (D:5)
  A phantom (D:4)
  Blork the orc (D:5)
  3 killer bees
  A centaur zombie (D:6)
  An orc priest (D:5)
  3 hounds
  A gnoll shaman (D:4)
  A jelly (D:5)
  Jessica (D:2)
  4 iguanas
  5 orc wizards (D:5)
  2 killer bee zombies (D:6)
  7 gnolls
  3 adders
  A white imp (D:6)
  2 worms
  4 dart slugs
  24 orcs
  5 endoplasms
  7 giant cockroaches
  12 goblins
  6 hobgoblins
  9 jackals (D:1)
  3 quokkas
  7 ball pythons
  8 bats
  7 frilled lizards
  4 kobolds
  5 rats
146 creatures vanquished.

Notes
Turn   | Place    | Note
-------+----------+-------------------------------------------
     0 | D:1      | hikkokomori the Gargoyle Earth Elementalist began the quest
                  | for the Orb.
     0 | D:1      | Reached XP level 1. HP: 10/10 MP: 3/3
   328 | D:1      | Reached XP level 2. HP: 15/15 MP: 3/5
   392 | D:1      | Reached skill level 4 in Earth Magic
   681 | D:1      | Reached XP level 3. HP: 19/19 MP: 4/6
   690 | D:1      | Learned a level 2 spell: Passwall
   694 | D:1      | Learned a level 3 spell: Ignite Poison
  1771 | D:2      | Reached XP level 4. HP: 16/24 MP: 8/8
  1913 | D:2      | Noticed Jessica
  1929 | D:2      | Killed Jessica
  2535 | D:3      | Reached XP level 5. HP: 12/28 MP: 9/9
  2558 | D:4      | Reached skill level 5 in Earth Magic
  3398 | D:3      | Found a faded altar of an unknown god.
  3519 | D:3      | Reached XP level 6. HP: 32/32 MP: 9/11
  4059 | D:3      | Learned a level 3 spell: Stone Arrow
  4661 | D:4      | Noticed a black bear
  4669 | D:4      | Killed a black bear
  4670 | D:4      | Reached skill level 1 in Fighting
  4670 | D:4      | Reached skill level 1 in Conjurations
  4714 | D:4      | Reached skill level 6 in Earth Magic
  4714 | D:4      | Reached XP level 7. HP: 20/39 MP: 13/13
  5151 | D:5      | Entered Level 5 of the Dungeon
  5155 | D:5      | Reached skill level 1 in Maces & Flails
  5355 | D:5      | Reached skill level 1 in Armour
  5485 | D:5      | Noticed Blork the orc
  5493 | D:5      | Killed Blork the orc
  5742 | D:5      | Reached XP level 8. HP: 19/46 MP: 11/14
  6898 | D:5      | Reached skill level 7 in Earth Magic
  7128 | D:5      | Noticed Edmund
  7134 | D:5      | Killed Edmund
  7196 | D:5      | Learned a level 3 spell: Mephitic Cloud
  7567 | D:6      | Found Ilanam's Armour Shop.
  7635 | D:6      | Reached skill level 1 in Poison Magic
  7648 | D:6      | Found a broken altar of Ashenzari.
  7680 | D:6      | Found a staircase to the Ecumenical Temple.
  8409 | D:6      | Reached XP level 9. HP: 53/53 MP: 10/15
  8868 | Temple   | Entered the Ecumenical Temple
  8942 | Temple   | Became a worshipper of Vehumet
  9458 | D:7      | Slain by an unseen horror

Illustrated notes

Levels and vault maps discovered:
D:1:      eino_arrival_cavern_d, layout_basic, minmay_tiny_reverse_x
D:2:      layout_basic, st_stairs_12, uniq_jessica
D:3:      layout_basic, hellmonk_ecumenical_altar_run_dry
D:4:      layout_basic
D:5:      layout_cave_pods, uniq_blork_the_orc, uniq_edmund
D:6:      layout_cave_pods, lemuel_doored_altar, minmay_temple_entry_large_hall,
          serial_shops, kennysheep_mini_moat
D:7:      layout_loops_cross, minmay_joined_circles
Temple:   mainiacjoe_temple_circle_huts

Skill      XL: |  1  2  3  4  5  6  7  8 |
---------------+-------------------------+-----
Earth Magic    | 4 5 6 7 |  7.1
Stealth        | 3 4 |  4.6
Spellcasting   | 3 4 |  4.2
Fighting       | 1 3 4 |  4.9
Conjurations   | 1 3 4 |  4.9
Maces & Flails | 1 2 |  2.8
Armour         | 1 3 |  3.0
Poison Magic   | 2 |  2.4
Dodging        | |  1.5
Transmutations | |  0.7

Action                   |  1- 3 |  4- 6 |  7- 9 || total
-------------------------+-------+-------+-------++-------
Melee: Club              |    53 |       |       ||    53
       Unarmed           |     7 |       |       ||     7
       Dagger            |    43 |   195 |       ||   238
       Punch             |       |     3 |     2 ||     5
       Whip              |       |    15 |   232 ||   247
Throw: Dart              |       |       |     1 ||     1
 Cast: Sandblast         |    34 |    14 |    59 ||   107
  Use: Potion            |     2 |       |     6 ||     8
       Scroll            |     4 |     2 |     1 ||     7
 Stab: Sleeping          |     1 |       |       ||     1
Armor: Robe              |    53 |       |    87 ||   140
       Scale mail        |       |   129 |    77 ||   206
       Skin              |       |       |     8 ||     8
Dodge: Dodged            |    85 |   110 |   100 ||   295
